 Dungeon Crawl Stone Soup version 0.27-a0-1084-g78b3836a5f (webtiles) character file.

Game seed: 830026877775778833

2594 siradein the Cleaver (level 9, -4/81 HPs)
             Began as a Hill Orc Fighter on Apr 26, 2021.
             Was a Follower of Beogh.
             Slain by Harold
             ... wielding a +1 vorpal scimitar
              (10 damage)
             ... on level 7 of the Dungeon.
             The game lasted 00:41:47 (8828 turns).

siradein the Cleaver (Hill Orc Fighter)             Turns: 8828, Time: 00:41:47

Health: -4/81      AC: 21    Str: 22    XL:     9   Next: 58%
Magic:  13/13      EV:  6    Int: 11    God:    Beogh [*.....]
Gold:   331        SH: 10    Dex: 10    Spells: 8/8 levels left

rFire    . . .     SeeInvis +   q - +2 mace (protect)
rCold    . . .     Faith    .   c - +0 kite shield
rNeg     . . .     Spirit   .   k - +0 chain mail
rPois    +         Reflect  .   v - +0 helmet {Int+3}
rElec    .         Harm     .   A - +0 cloak
rCorr    .         Rampage  .   o - +0 pair of gloves
Will     .....                  (no boots)
Stlth    ..........             (no amulet)
HPRegen  0.23/turn              e - ring of poison resistance
MPRegen  0.13/turn              G - ring of see invisible

@: marked, under a protective aura
A: no striking features
a: Renounce Religion


You were on level 7 of the Dungeon.
You worshipped Beogh.
Beogh was aware of your devotion.
You visited 1 branch of the dungeon, and saw 7 of its levels.

You collected 331 gold pieces.

Inventory:

Hand Weapons
 a - a +0 war axe
 p - a +3 mace of holy wrath
 q - a +2 mace of protection (weapon)
Missiles
 s - 7 javelins (quivered)
Armour
 c - a +0 kite shield (worn)
 k - a +0 chain mail (worn)
 o - a +0 pair of gloves (worn)
 v - a +0 helmet of intelligence (worn)
 A - a +0 cloak (worn)
Jewellery
 e - a ring of poison resistance (left hand)
 h - a ring of resist corrosion
 G - a ring of see invisible (right hand)
 I - a ring of fire
 J - an amulet of magic regeneration
Wands
 b - a wand of acid (7)
 y - a wand of mindburst (31)
Scrolls
 l - 2 scrolls of immolation {unknown}
 n - 2 scrolls of brand weapon {unknown}
 r - a scroll of fog {unknown}
 t - a scroll of enchant weapon {unknown}
 B - 2 scrolls of torment {unknown}
 C - a scroll of identify
 D - a scroll of vulnerability {unknown}
 H - a scroll of amnesia {unknown}
Potions
 d - a potion of might
 f - a potion of mutation
 g - a potion of cancellation
 i - a potion of brilliance
 j - 3 potions of heal wounds
 m - 2 potions of attraction
 u - 3 potions of curing
 w - a potion of magic {unknown}
 x - a potion of flight {unknown}
 z - 2 potions of lignification {unknown}
 E - a potion of ambrosia {unknown}
 F - a potion of invisibility {unknown}


   Skills:
 + Level 7.8 Fighting
 + Level 8.4 Axes
 + Level 7.0 Armour
 + Level 7.1 Shields
 + Level 6.5 Invocations


You had 8 spell levels left.
You didn't know any spells.
Your spell library contained the following spells:

 Spells                   Type           Power      Damage    Failure   Level
 Foxfire                  Conj/Fire      0%         2x1d4     100%        1
 Freeze                   Ice            0%         1d3       100%        1
 Magic Dart               Conj           0%         1d3       100%        1
 Blink                    Tloc           N/A        N/A       100%        2
 Call Imp                 Summ           0%         N/A       100%        2
 Searing Ray              Conj           0%         3d3       100%        2
 Slow                     Hex            0%         N/A       100%        2
 Conjure Flame            Conj/Fire      0%         6-21      100%        3
 Dazzling Flash           Conj/Hex       0%         N/A       100%        3
 Frozen Ramparts          Ice            0%         1d2       100%        3
 Inner Flame              Hex/Fire       0%         N/A       100%        3
 Mephitic Cloud           Conj/Pois/Air  0%         N/A       100%        3
 Ozocubu's Armour         Ice            0%         N/A       100%        3
 Fulminant Prism          Conj/Hex       0%         3d6       100%        4
 Hailstorm                Conj/Ice       0%         3d3       100%        4
 Iskenderun's Mystic Bla  Conj/Tloc      0%         2d3       100%        4
 Sticky Flame             Conj/Fire      0%         2d3       100%        4
 Fireball                 Conj/Fire      0%         3d3       100%        5
 Metabolic Englaciation   Hex/Ice        0%         N/A       100%        5


Dungeon Overview and Level Annotations

Branches:
Dungeon (7/15)             Temple (0/1) D:6

Altars:
Okawaru
Trog

Shops:
D:6 :

Annotations:
D:7 Harold


Message History

Harold hits you with a +1 vorpal scimitar!
You block Harold's attack.
Your chain mail prevents you from hitting Harold.
Harold is heavily wounded.
You block Harold's attack.
Harold hits you with a +1 vorpal scimitar!
You hit Harold.
Harold is heavily wounded.
Harold hits you with a +1 vorpal scimitar!
Harold closely misses you.
Harold says, "My wife will appreciate not having to wash blood out of my clothes anymore."
Harold hits you with a +1 vorpal scimitar.
You barely miss Harold.
Harold is heavily wounded.
Harold says, "Let's make it quick, okay?
I've got mouths to feed."
You block Harold's attack. x2
You sock Harold!
Harold is heavily wounded.
Harold casts a spell at you. The mark upon you grows brighter.
Harold says, "Try to look on the bright side.
Your death will help put my children through school."
Harold hits you with a +1 vorpal scimitar!
* * * LOW HITPOINT WARNING * * *
x2 You completely miss Harold.
Harold is heavily wounded.
Harold hits you but does no damage.
Harold looks eager to get this over with.
You block Harold's attack.
You feel much better.
Harold hits you with a +1 vorpal scimitar!
* * * LOW HITPOINT WARNING * * *
x2 You sock Harold!
Harold is severely wounded.
Harold hits you with a +1 vorpal scimitar!
* * * LOW HITPOINT WARNING * * *
x2 You block Harold's attack.
You sock Harold!
Harold is severely wounded.
Harold hits you with a +1 vorpal scimitar!
You die...

#.# # #.# # #.##### #.##
###.###.##... #..
...........## #..
.........#### ##### #.##
###.#.#)## # ......##..
...# #.#####
......#..###.###.###......
........@@...........#####
.....#†#########..### #
... #...†....##.## # #
#.######....########
#########.# ####.....#...
#.......#.# #####.#..#
#<......#.. #.##.#
#.......##. #..#.#
#.......# ( ##...#


You could see Harold (fast, corroded).

Vanquished Creatures
  A centaur zombie (D:7)
  2 water moccasins (D:7)
  Duvessa (D:4)
  A black bear (D:7)
  2 sky beasts
  2 necrophages
  An ogre (D:7)
  A centaur (D:5)
  The ghost of Zeld the Conjurer, an amateur OpCj (D:3)
  2 bullfrogs (D:7)
  A scorpion (D:6)
  Dowan (D:4)
  2 water moccasin zombies (D:5)
  3 wights (D:6)
  A howler monkey (D:4)
  A bullfrog zombie (D:5)
  A jelly (D:5)
  2 orc priests
  A bullfrog skeleton (D:6)
  A centaur skeleton (D:4)
  2 gnoll shamans
  2 hounds (D:4)
  Crazy Yiuf (D:4)
  6 iguanas
  2 orc wizards (D:6)
  A hound skeleton (D:5)
  Robin (D:3)
  6 gnolls
  4 adders
  An ufetubus (D:3)
  An adder skeleton (D:4)
  2 worms (D:3)
  2 dart slugs (D:1)
  19 orcs
  3 ball pythons
  3 bats
  8 endoplasms
  2 giant cockroaches
  13 goblins
  8 hobgoblins
  16 jackals
  3 quokkas
  5 frilled lizards
  6 kobolds
  9 rats
154 creatures vanquished.

Vanquished Creatures (others)
  An orc (D:4)
  A ball python (D:4)
  2 withered plants (D:3)
4 creatures vanquished.

Grand Total: 158 creatures vanquished

Notes
Turn   | Place    | Note
-------+----------+-------------------------------------------
     0 | D:1      | siradein the Hill Orc Fighter began the quest for the Orb.
     0 | D:1      | Reached XP level 1. HP: 19/19 MP: 1/1
    83 | D:1      | Reached skill level 3 in Axes
   157 | D:1      | Reached XP level 2. HP: 26/26 MP: 2/2
   168 | D:1      | Found a faded altar of an unknown god.
   217 | D:1      | Reached skill level 4 in Axes
   484 | D:1      | Reached XP level 3. HP: 30/33 MP: 3/3
  1344 | D:2      | Reached XP level 4. HP: 39/40 MP: 4/4
  1918 | D:3      | Noticed Robin
  1960 | D:3      | Killed Robin
  1971 | D:3      | HP: 1/41 [ufetubus (3)]
  2483 | D:3      | Noticed a moth of wrath
  2486 | D:3      | Found a bloodstained altar of Trog.
  2822 | D:3      | Reached XP level 5. HP: 47/47 MP: 5/5
  2831 | D:3      | Found a runed translucent door.
  2832 | D:3      | Noticed Zeld's ghost (amateur OpCj)
  3350 | D:3      | Killed Zeld's ghost
  3351 | D:3      | Reached skill level 5 in Axes
  3622 | D:4      | Became a worshipper of Beogh the Brigand
  3655 | D:4      | Noticed Duvessa
  3906 | D:3      | Reached XP level 6. HP: 35/55 MP: 6/6
  4021 | D:3      | Reached skill level 5 in Fighting
  4021 | D:3      | Reached skill level 1 in Invocations
  4107 | D:4      | Noticed a necrophage
  4116 | D:4      | Killed a necrophage
  4227 | D:4      | Killed Duvessa
  4274 | D:4      | Reached XP level 7. HP: 49/61 MP: 8/8
  4389 | D:4      | Found a runed translucent door.
  4389 | D:4      | Noticed Crazy Yiuf
  4450 | D:4      | Noticed Dowan
  4470 | D:4      | Killed Dowan
  4584 | D:4      | Reached skill level 5 in Shields
  4601 | D:4      | Reached skill level 6 in Axes
  4601 | D:4      | Reached skill level 5 in Armour
  5156 | D:5      | Entered Level 5 of the Dungeon
  5432 | D:5      | Reached XP level 8. HP: 61/70 MP: 10/10
  6126 | D:5      | Reached skill level 7 in Axes
  6206 | D:5      | Reached * piety under Beogh
  6483 | D:4      | Killed Crazy Yiuf
  7039 | D:6      | Found an iron altar of Okawaru.
  7101 | D:6      | Reached skill level 5 in Invocations
  7621 | D:6      | Found a staircase to the Ecumenical Temple.
  7684 | D:6      | Identified the +0 leather armour of Ymadgh {Slay+5}
  7892 | D:6      | Found Lumn's Book Boutique.
  7984 | D:6      | Reached XP level 9. HP: 79/79 MP: 11/13
  8312 | D:7      | Reached skill level 8 in Axes
  8810 | D:7      | Noticed Harold
  8828 | D:7      | Slain by Harold

Illustrated notes

Levels and vault maps discovered:
D:1:      beargit_arrival_diablo_church, layout_basic,
          hellmonk_ecumenical_altar_pennies_from_heaven
D:2:      layout_basic
D:3:      layout_basic, tgw_trog, gammafunk_ghost_grave, kennysheep_path_1,
          uniq_robin
D:4:      layout_loops_ring, palyth_stone_intersect, uniq_duvessa,
          uniq_crazy_yiuf_cottage
D:5:      layout_gridville
D:6:      layout_loops_ring, okawaru_ov_weapons_minmay,
          minmay_temple_entry_large_hall, serial_shops, kennysheep_mini_moat,
          minivault_23
D:7:      layout_rooms, minivault_10, minmay_misc_feat_nine_boxes, uniq_harold,
          uniq_menkaure

Skill      XL: |  1  2  3  4  5  6  7  8  9 |
---------------+----------------------------+-----
Axes           | 3 4 5 6 7 8 |  8.4
Fighting       | 4 5 6 7 |  7.8
Shields        | 4 5 6 7 |  7.1
Armour         | 4 5 6 7 |  7.0
Invocations    | 2 3 5 6 |  6.5

Action                   |  1- 3 |  4- 6 |  7- 9 || total
-------------------------+-------+-------+-------++-------
Melee: War axe           |   119 |   116 |       ||   235
       Mace              |       |    42 |   426 ||   468
Invok: Convert to Beogh  |       |     1 |       ||     1
Evoke: Wand              |       |       |     2 ||     2
  Use: Scroll            |       |       |     6 ||     6
       Potion            |       |       |     1 ||     1
Armor: Scale mail        |    44 |     7 |       ||    51
       Chain mail        |       |    98 |   305 ||   403
Dodge: Dodged            |    34 |    39 |    90 ||   163
Block: Kite shield       |    62 |    95 |   267 ||   424

Table legend: (Time is in decaauts)
 A = Elapsed time spent in this place.
 B = Non-inter-level travel time spent in this place.
 C = Inter-level travel time spent in this place.
 D = Time resting spent in this place.
 E = Time spent auto-exploring this place.
 F = Levels seen in this place.
 G = Mean time per level.
                   A        B        C        D        E       F      G
               +--------+--------+--------+--------+--------+-----+--------+
         Total |   9142 |   8882 |    260 |    707 |   6354 |   7 | 1306.0 |
       Dungeon |   9142 |   8882 |    260 |    707 |   6354 |   7 | 1306.0 |
               +--------+--------+--------+--------+--------+-----+--------+

Top non-repeatable levels by time:
     D:3: 2227 daAuts
     D:6: 1540 daAuts
     D:4: 1454 daAuts
     D:5: 1334 daAuts
     D:1: 1184 daAuts
     D:7: 798 daAuts
     D:2: 602 daAuts
